 Dungeon Crawl Stone Soup version 0.25-a0-890-g62861fb195 (webtiles) character file.

Game seed: 10116736602458683763, levelgen mode: deterministic

2461 Hasart the Insei (level 9, -8/59 HPs)
             Began as an Octopode Transmuter on May 2, 2020.
             Was an Initiate of Gozag.
             Mangled by a death yak (24 damage)
             ... on level 7 of the Dungeon.
             The game lasted 00:18:01 (8172 turns).

Hasart the Insei (Octopode Transmuter)              Turns: 8172, Time: 00:18:02

Health: -8/59      AC:  1    Str: 11    XL:     9   Next: 50%
Magic:  12/12      EV: 20    Int: 17    God:    Gozag
Gold:   252        SH:  9    Dex: 12    Spells: 6/12 levels left

rFire    . . .     SeeInvis .     - Unarmed
rCold    . . .     Gourm    .   F - +1 buckler {rN+}
rNeg     + . .     Faith    .   (helmet restricted)
rPois    .         Spirit   .   r - +4 amulet of reflection
rElec    .         Reflect  +   i - +5 ring of evasion
rCorr    .         Harm     .   (no ring)
MR       .....                  (no ring)
Stlth    ++........             (no ring)
HPRegen  0.19/turn              (no ring)
MPRegen  0.13/turn              (no ring)
                                (no ring)
                                (no ring)

@: no status effects
A: almost no armour, stealthy swim, amphibious, 8 rings, constrict 8, camouflage
1, gelatinous body 1
a: Potion Petition, Call Merchant, Bribe Branch, Renounce Religion


You were on level 7 of the Dungeon.
You worshipped Gozag.
Gozag was aware of your devotion.
You were not hungry.

You visited 2 branches of the dungeon, and saw 8 of its levels.
You also visited: Sewer.

You collected 579 gold pieces.
You spent 165 gold pieces at shops.
You paid 162 gold pieces to Gozag.

Inventory:

Hand Weapons
 t - a +4 short sword of venom
Missiles
 a - 210 arrows
 q - 3 silver boomerangs (quivered)
Armour
 F - a +1 buckler of positive energy (worn)
Jewellery
 i - a +5 ring of evasion (left tentacle)
 r - a +4 amulet of reflection (around mantle)
 u - an uncursed amulet of the acrobat
Wands
 n - a wand of random effects (13)
 D - a wand of polymorph (3)
Scrolls
 b - 3 scrolls of amnesia {unknown}
 d - 2 scrolls of fog {unknown}
 e - 6 scrolls of remove curse {unknown}
 f - 5 scrolls of teleportation {unknown}
 g - a scroll of enchant armour {unknown}
 j - 5 scrolls of identify {unknown}
 k - a scroll of enchant weapon {unknown}
 s - 2 scrolls of fear {unknown}
 y - a scroll of blinking {unknown}
 E - a scroll of noise {unknown}
 H - 2 scrolls of silence {unknown}
Potions
 h - a potion of magic {unknown}
 l - a potion of resistance {unknown}
 m - a potion of cancellation {unknown}
 o - 3 potions of curing
 p - a potion of ambrosia {unknown}
 v - 4 potions of haste {unknown}
 w - 3 potions of heal wounds {unknown}
 x - a potion of lignification {unknown}
 z - 2 potions of berserk rage {unknown}
 A - 4 potions of flight {unknown}
 B - 2 potions of might {unknown}
 C - a potion of brilliance {unknown}
 G - a potion of stabbing {unknown}
Comestibles
 c - 9 rations


   Skills:
 + Level 4.7 Fighting
 + Level 3.4 Throwing
 + Level 5.2 Dodging
 + Level 2.3 Shields
 * Level 7.6 Unarmed Combat
 - Level 2.0 Spellcasting
 + Level 4.9 Transmutations
 - Level 5.0 Poison Magic


You had 6 spell levels left.
You knew the following spells:

 Your Spells              Type           Power        Failure   Level  Hunger
a - Beastly Appendage     Tmut           ###...       3%          1    #......
b - Sticks to Snakes      Tmut           ###.....     4%          2    ###....
c - Spider Form           Tmut/Pois      ###.......   10%         3    ###....

Your spell library contained the following spells:

 Spells                   Type           Power        Failure   Level  Hunger
 Ice Form                 Ice/Tmut       ##......     65%         4    #####..
 Blade Hands              Tmut           ###.......   65%         5    ######.


Dungeon Overview and Level Annotations

Branches:
Dungeon (7/15)             Temple (1/1) D:7           Sewer (visited)

Altars:
Ashenzari
Dithmenos
Fedhas
Gozag
Hepliaklqana
Makhleb
Nemelex Xobeh
Okawaru
Qazlal
Ru
Sif Muna
Trog
Uskayaw
Vehumet
Wu Jian
Xom
Yredelemnul
The Shining One

Shops:
D:6 [

Annotations:
D:6 1 runed translucent door, Uhlv's ghost, novice FoFi
D:7 Pikel


Innate Abilities, Weirdness & Mutations

You cannot wear most types of armour.
You are very stealthy in the water. (Stealth+)
You are amphibious.
You can wear up to eight rings at the same time.
You can use your tentacles to constrict eight enemies at once.
Your skin changes colour to match your surroundings (Stealth+).
Your rubbery body absorbs attacks. (AC +1, EV +1)


Message History

The death yak gores you but does no damage.
You hit the death yak but do no damage.
The death yak looks as sick as possible!
The death yak is lightly wounded.
The death yak gores you!!
* * * LOW HITPOINT WARNING * * *
Your transformation is almost over.
You hit the death yak but do no damage.
The death yak is moderately wounded.
The death yak barely misses you.
You hit the death yak.
The death yak is heavily wounded.
Your transformation has ended.
Your +1 buckler of positive energy unmelds from your body.
You feel more protected from negative energy.
You tentacle-slap the death yak but do no damage.
The death yak is heavily wounded.
The death yak gores you!!
You die...
Your body crumbles into a pile of gold.

#.#....# #. ######......#####.
##### #.......#...#..... #...#
#.#####........### #.#.# #.#
##........# #.#.#
#####.######.#...#..## #.#.#
##............#...#...#
#####.#.###<....Y#####..#.#####..
................@## #......#...#
.####.##.>......<.####...##.#..##
.# #.##.......................#
.# #.##..........###.#..###.#.#
.# #.##.#........##.....# #.#.##
.# #.#...#.....#.##.#.#.###[#.##
.# #..<#......##..............#§
.# ###...##..###...#.#.#.......§
.#######.###..#...#.......#......


You could see a death yak.

Vanquished Creatures
  Prince Ribbit (D:7)
  A black bear (D:6)
  2 sky beasts
  An orc warrior (D:6)
  A necrophage (D:7)
  2 phantoms
  A slave (D:7)
  3 centaurs
  A big kobold (D:7)
  4 bullfrogs
  A wyvern zombie (D:7)
  2 scorpions
  4 wights
  A vampire bat (D:4)
  3 crimson imps
  A centaur zombie (D:5)
  3 hounds
  2 iguanas
  An orc wizard (D:6)
  4 worker ants
  2 hound skeletons
  Robin (D:3)
  A worker ant zombie (D:6)
  6 adders
  2 river rats
  3 oozes
  An adder skeleton (D:4)
  2 worms (D:3)
  A dart slug (D:2)
  7 leopard geckos
  28 orcs
  15 bats
  8 giant cockroaches
  15 goblins
  8 hobgoblins
  8 jackals
  4 kobolds
  5 quokkas
  2 ball pythons
  A ball python skeleton (D:4)
  11 frilled lizards
  2 leopard gecko skeletons
  11 rats
183 creatures vanquished.

Notes
Turn   | Place    | Note
-------+----------+-------------------------------------------
     0 | D:1      | Hasart the Octopode Transmuter began the quest for the Orb.
     0 | D:1      | Reached XP level 1. HP: 13/13 MP: 3/3
   388 | D:1      | Reached XP level 2. HP: 17/18 MP: 5/5
  1080 | D:2      | Reached XP level 3. HP: 7/24 MP: 6/6
  1663 | D:2      | Learned a level 2 spell: Sticks to Snakes
  1667 | D:2      | Learned a level 3 spell: Spider Form
  2060 | D:3      | Reached XP level 4. HP: 17/29 MP: 5/7
  2216 | D:3      | Reached skill level 4 in Unarmed Combat
  2558 | D:3      | Noticed Robin
  3121 | D:3      | Killed Robin
  3121 | D:3      | Reached skill level 1 in Poison Magic
  3579 | D:3      | Reached XP level 5. HP: 32/34 MP: 8/8
  3778 | D:4      | Reached XP level 6. HP: 29/41 MP: 9/9
  4276 | D:4      | Reached skill level 5 in Unarmed Combat
  4383 | D:4      | Reached XP level 7. HP: 36/45 MP: 10/10
  4571 | D:5      | Entered Level 5 of the Dungeon
  4612 | D:5      | Found a glowing drain.
  4634 | Sewer    | Entered a sewer
  5990 | D:6      | Reached skill level 1 in Throwing
  6004 | D:6      | Reached skill level 6 in Unarmed Combat
  6004 | D:6      | Reached XP level 8. HP: 25/52 MP: 9/11
  6364 | D:6      | Found Jylitah's Antique Armour Shoppe.
  6493 | D:6      | Bought a runed buckler for 165 gold pieces
  7056 | D:6      | Found a runed translucent door.
  7056 | D:6      | Noticed Uhlv's ghost (novice FoFi)
  7128 | D:7      | Reached skill level 1 in Shields
  7129 | D:7      | Found a staircase to the Ecumenical Temple.
  7138 | Temple   | Entered the Ecumenical Temple
  7224 | Temple   | Became a worshipper of Gozag Ym Sagoz the Greedy
  7259 | D:7      | Reached skill level 7 in Unarmed Combat
  7259 | D:7      | Reached XP level 9. HP: 50/58 MP: 12/12
  7434 | D:7      | Noticed Prince Ribbit
  7444 | D:7      | Killed Prince Ribbit
  7470 | D:7      | Reached skill level 5 in Dodging
  7548 | D:7      | Found a shadowy altar of Dithmenos.
  7749 | D:7      | Reached skill level 5 in Poison Magic
  7999 | D:7      | Noticed Pikel
  8000 | D:7      | Noticed an eight-headed hydra
  8136 | D:7      | Noticed a death yak
  8136 | D:7      | an eight-headed hydra changed into a death yak
  8172 | D:7      | Mangled by a death yak

Levels and vault maps discovered:
D:1:      saegor_arrival_simple_b, layout_loops_corners, minmay_misc_feat_iff
D:2:      layout_loops_ring, chequers_serial_rivers_small_3
D:3:      layout_basic, uniq_robin
D:4:      layout_cave_pods, roderic_batcave
D:5:      layout_gridville, portal_sewer_entry_b, first_ration,
          minmay_liquid_box
D:6:      layout_rooms, serial_shops, nicolae_shop_waterfront,
          gammafunk_ghost_grave, nicolae_ossuary_entry_ruins,
          mrwooster_statue_mirror
D:7:      minmay_slanted_spiral_squares, layout_loops_ring,
          nicolae_dithmenos_the_darkroom, minmay_temple_entry_sparse_star,
          the_bakery, uniq_pikel, uniq_prince_ribbit1
Temple:   dpeg_three_leaves_temple

Skill      XL: |  1  2  3  4  5  6  7  8  9 |
---------------+----------------------------+-----
Fighting       | 2 3 4 |  4.7
Unarmed Combat | 4 5 6 7 |  7.6
Poison Magic   | 1 2 3 4 5 |  5.0
Dodging        | 3 4 5 |  5.2
Transmutations | 3 4 |  4.9
Throwing       | 1 2 3 |  3.4
Shields        | 1 2 |  2.3
Spellcasting   | |  2.0

Action                   |  1- 3 |  4- 6 |  7- 9 || total
-------------------------+-------+-------+-------++-------
Melee: Unarmed           |    83 |   160 |   315 ||   558
       Constrict         |    27 |    43 |    53 ||   123
       Tentacles         |    13 |    27 |    64 ||   104
       Kick              |     3 |    10 |    33 ||    46
       Punch             |     1 |     5 |    10 ||    16
 Cast: Beastly Appendage |     1 |     6 |    13 ||    20
       Spider Form       |       |       |     4 ||     4
Evoke: Wand              |       |       |     4 ||     4
  Use: Potion            |     1 |       |       ||     1
 Stab: Sleeping          |     5 |     6 |     5 ||    16
  Eat: Chunk             |     3 |     8 |     6 ||    17
       Ration            |       |       |     2 ||     2
Armor: Skin              |     5 |    16 |     3 ||    24
Dodge: Dodged            |    72 |   145 |   160 ||   377
Block: Other             |       |    22 |    32 ||    54
       Reflection        |       |       |     4 ||     4
       Buckler           |       |       |    36 ||    36

Table legend:
 A = Non-vault XP
 B = Vault XP
 C = Vault XP percentage of total XP
 D = Non-vault monster count
 E = Vault monster count
 F = Vault count percentage of total count
                 A         B        C        D         E       F
            +---------+---------+-------+---------+---------+-------
      Total |    2953 |     564 |  16.0 |     138 |      44 |  24.2
            +---------+---------+-------+---------+---------+-------
        D:1 |      27 |       0 |   0.0 |      13 |       0 |   0.0
        D:2 |      48 |      17 |  26.2 |      20 |       9 |  31.0
        D:3 |      54 |      21 |  28.0 |      21 |       4 |  16.0
        D:4 |     452 |      67 |  12.9 |      29 |       9 |  23.7
        D:5 |     284 |      19 |   6.3 |      14 |       5 |  26.3
        D:6 |    1043 |       0 |   0.0 |      27 |       0 |   0.0
        D:7 |    1010 |     388 |  27.8 |      13 |       3 |  18.8
     Temple |      35 |       0 |   0.0 |       1 |       0 |   0.0
      Sewer |       0 |      52 | 100.0 |       0 |      14 | 100.0
            +---------+---------+-------+---------+---------+-------
